 Dungeon Crawl Stone Soup version 0.28.0-47-ge53b351184 (webtiles) character file.

Game seed: 810094736651026278

1424 Zeld the Conjurer (level 8, -4/67 HPs)
             Began as a Pale Draconian Conjurer on Apr 29, 2022.
             Was a Follower of Vehumet.
             Slain by Maggie
             ... wielding a +0 war axe
              (13 damage)
             ... on level 6 of the Dungeon.
             The game lasted 00:09:00 (8812 turns).

Zeld the Conjurer (Pale Draconian Conjurer)         Turns: 8812, Time: 00:09:01

Health: -4/67      AC:  7    Str:  9    XL:     8   Next: 44%
Magic:  1/14       EV: 12    Int: 22    God:    Vehumet [*.....]
Gold:   294        SH:  0    Dex: 11    Spells: 5/16 levels left

rFire   . . .      SeeInvis .   a - +6 whip "Ugoppot" {vorpal, rElec Int+2 Stlth-}
rCold   . . .      Faith    .   (no shield)
rNeg    . . .      Spirit   .   (armour unavailable)
rPois   .          Reflect  .   (helmet restricted)
rElec   +          Harm     .   (no cloak)
rCorr   .          Rampage  .   (no gloves)
Will    .....                   n - +0 pair of boots
Stlth   +.........              (no amulet)
HPRegen 0.21/turn               (no ring)
MPRegen 0.14/turn               (no ring)

@: mighty, short of breath, mesmerised
A: breathe steam, AC +6, unfitting armour, cold-blooded, steam resistance
a: Breathe Steam, Renounce Religion


You were on level 6 of the Dungeon.
You worshipped Vehumet.
Vehumet was aware of your devotion.
You visited 2 branches of the dungeon, and saw 7 of its levels.
You also visited: Sewer and Ossuary.

You collected 294 gold pieces.

Inventory:

Hand Weapons
 a - the +6 whip "Ugoppot" (weapon) {vorpal, rElec Int+2 Stlth-}
   (You found it on level 6 of the Dungeon)

   It inflicts extra damage upon your enemies.
   Int:       It affects your intelligence (+2).
   rElec:     It insulates you from electricity.
   Stlth:     It makes you less stealthy.
Armour
 n - a +0 pair of boots (worn)
Jewellery
 s - a ring of protection from cold
Wands
 c - a wand of polymorph (4)
 w - a wand of flame (27)
Scrolls
 b - 3 scrolls of teleportation {unknown}
 e - a scroll of fear {unknown}
 f - 2 scrolls of immolation {unknown}
 g - a scroll of enchant weapon {unknown}
 h - a scroll of torment {unknown}
 i - 2 scrolls of magic mapping {unknown}
 j - 2 scrolls of enchant armour {unknown}
 l - 8 scrolls of identify {unknown}
 t - 2 scrolls of summoning {unknown}
Potions
 d - 4 potions of heal wounds {unknown}
 k - 7 potions of flight
 m - a potion of brilliance {unknown}
 o - 4 potions of curing {unknown}
 p - a potion of cancellation {unknown}
 q - 2 potions of might
 r - a potion of haste {unknown}
 u - a potion of ambrosia {unknown}
 v - 2 potions of magic {unknown}


   Skills:
 * Level 4.9 Fighting
 + Level 3.2 Dodging
 + Level 3.7 Stealth
 * Level 4.6 Spellcasting
 * Level 6.1 Conjurations
 - Level 2.0 Hexes
 - Level 2.0 Translocations
 * Level 3.3 Evocations


You had 5 spell levels left.
You knew the following spells:

 Your Spells              Type           Power      Damage    Failure   Level
a - Magic Dart            Conj           100%       1d8       1%          1
b - Searing Ray           Conj           64%        2d6       1%          2
c - Fulminant Prism       Conj/Hex       11%        3d9       21%         4
d - Iskenderun's Mystic   Conj/Tloc      22%        2d6       21%         4

Your spell library contained the following spells:

 Spells                   Type           Power      Damage    Failure   Level
 Shock                    Conj/Air       72%        1d7       3%          1
 Dazzling Flash           Conj/Hex       44%        N/A       6%          3
 Beastly Appendage        Tmut           10%        N/A       11%         1
 Ensorcelled Hibernation  Hex/Ice        18%        N/A       11%         2
 Tukima's Dance           Hex            13%        N/A       14%         3
 Wereblood                Tmut           5%         N/A       16%         2
 Spider Form              Tmut/Pois      5%         N/A       32%         3
 Passage of Golubria      Tloc           13%        N/A       43%         4
 Anguish                  Hex/Necr       4%         N/A       56%         4
 Yara's Violent Unravell  Hex/Tmut       4%         3d4       89%         5


Dungeon Overview and Level Annotations

Branches:
Dungeon (6/15)             Temple (1/1) D:5           Sewer (visited)
Ossuary (visited)

Altars:
Dithmenos
Elyvilon
Fedhas
Hepliaklqana
Kikubaaqudgha
Makhleb
Okawaru
Qazlal
Sif Muna
Trog
Vehumet
Xom
Zin
The Shining One
Lugonu

Annotations:
D:3 3 runed translucent doors, Zeld's ghost, weakling DrCj
D:6 Maggie


Innate Abilities, Weirdness & Mutations

You can breathe blasts of scalding, opaque steam.
Your pale cyan-grey scales are hard. (AC +6)
You cannot fit into any form of body armour.
You are cold-blooded and may be slowed by cold attacks.
You are immune to the effects of steam.


Message History

The bolt of fire hits you! Maggie hits you with a +0 war axe!
You hit Maggie but do no damage.
Maggie is heavily wounded.
Maggie is engulfed in a cloud of scalding steam.
Maggie hits you with a +0 war axe.
* * * LOW HITPOINT WARNING * * *
Maggie mumbles some strange words.
Maggie attempts to bespell you!
You are mesmerised by Maggie!
You cannot move away from Maggie!
You cannot move away from Maggie!
Unknown command.
Casting: Iskenderun's Mystic Blast (dangerous; 21% risk of failure)
Confirm with . or Enter, or press ? or * to list all spells.
Aiming: Searing Ray (safe; 1% risk of failure)
Press: ? - help, Shift-Dir - straight line, f/p - Maggie
Aim: Maggie, wielding a +0 war axe and wearing +0 swamp dragon scales (heavily wounded, mesmerising, 83% to hit)
The searing ray hits Maggie but does no damage.
Maggie is heavily wounded. (Press . to maintain the ray.)
The searing ray hits Maggie.
Maggie is heavily wounded.
Maggie barely misses you.
The searing ray misses Maggie.
Maggie barely misses you.
You closely miss Maggie.
Maggie is heavily wounded.
Maggie hits you with a +0 war axe!
* * * LOW HITPOINT WARNING * * *
Your magical contamination has completely faded away.
Unknown command.
You cannot move away from Maggie!
Okay, then.
You feel very mighty all of a sudden. Maggie hits you with a +0 war axe.
* * * LOW HITPOINT WARNING * * *
You whack Maggie!
Maggie is severely wounded.
Maggie hits you with a +0 war axe!
You die...

....#....# .# #.......##
...#......#
+..<....#######...#......+
#.......#.........#......#
........'.......###......
#########.......##.....#
########......>##.....#
...........######.....###.#.#.#
####+####......@@.....'..>#.#.#
#.......##.###.##.....#####.#.#
##.......##.###.##.....# #.#.#
+........)).....###..### #.#.#
#.........####.#####.# #.#.#
...........# #+#...#'# ###.#.#
##.......#####.......#####...#.##
#+#...#'#.#...........#.#'#.....
#####...##.........##...###.##


You could see Maggie (mesmerising).

Vanquished Creatures
  A wraith (Ossuary)
  2 ogres (D:5)
  A necrophage (D:5)
  A centaur (D:5)
  Blork the orc (D:6)
  A wyvern skeleton (D:5)
  A water moccasin skeleton (D:5)
  3 hounds (D:5)
  5 orc priests
  A centaur skeleton (D:5)
  A bullfrog skeleton (D:5)
  An iguana (D:5)
  2 orc wizards (D:3)
  3 mummies (Ossuary)
  Robin (D:3)
  11 adders
  3 gnolls (D:6)
  5 river rats (Sewer)
  2 shadow imps
  2 adder skeletons (D:4)
  A worm (Sewer)
  A dart slug (D:3)
  23 orcs
  5 ball pythons
  8 bats
  9 endoplasms
  5 giant cockroaches
  13 goblins
  10 hobgoblins
  4 jackals (Sewer)
  9 kobolds
  7 quokkas
  3 frilled lizards
  A goblin zombie (Ossuary)
  4 hobgoblin zombies (Ossuary)
  4 kobold zombies (Ossuary)
  6 rats
161 creatures vanquished.

Notes
Turn   | Place    | Note
-------+----------+-------------------------------------------
     0 | D:1      | Zeld the Draconian Conjurer began the quest for the Orb.
     0 | D:1      | Reached XP level 1. HP: 14/14 MP: 3/3
   184 | D:1      | Reached XP level 2. HP: 22/22 MP: 3/5
   329 | D:1      | Reached skill level 1 in Fighting
   563 | D:1      | Learned a level 2 spell: Searing Ray
  1011 | D:2      | Found a faded altar of an unknown god.
  1027 | D:2      | Reached XP level 3. HP: 28/28 MP: 1/6
  2129 | D:3      | Reached XP level 4. HP: 29/36 MP: 2/8
  2228 | D:3      | Found a glowing drain.
  2261 | Sewer    | Entered a sewer
  2728 | Sewer    | Reached XP level 5. HP: 42/42 MP: 3/9
  2776 | Sewer    | Learned a level 4 spell: Fulminant Prism
  3876 | D:3      | Reached skill level 5 in Conjurations
  3876 | D:3      | Reached XP level 6. HP: 25/51 MP: 2/11
  3887 | D:3      | Learned a level 4 spell: Iskenderun's Mystic Blast
  4404 | D:3      | Found a runed translucent gate.
  4406 | D:3      | Found a runed translucent gate.
  4406 | D:3      | Found a runed translucent gate.
  4406 | D:3      | Noticed Zeld's ghost (weakling DrCj)
  4617 | D:3      | Found an iron altar of Okawaru.
  4863 | D:3      | Noticed Robin
  4870 | D:3      | Killed Robin
  5105 | D:4      | Found a hazy altar of Hepliaklqana.
  6213 | D:5      | Entered Level 5 of the Dungeon
  6237 | D:5      | Reached skill level 1 in Evocations
  6307 | D:5      | Your scales start taking on a pale cyan-grey colour.
  6307 | D:5      | Reached XP level 7. HP: 46/58 MP: 3/12
  6307 | D:5      | Gained mutation: You are immune to the effects of steam.
                  | [Pale Draconian growth]
  6354 | D:5      | Reached skill level 1 in Hexes
  6357 | D:5      | Found a staircase to the Ecumenical Temple.
  6368 | Temple   | Entered the Ecumenical Temple
  6388 | Temple   | Became a worshipper of Vehumet
  6419 | D:5      | Found a burning altar of Makhleb.
  6504 | D:5      | Found a shimmering altar of Xom.
  6550 | D:5      | Reached skill level 1 in Translocations
  6611 | D:5      | Found a sand-covered staircase.
  6618 | Ossuary  | Entered an ossuary
  6618 | Ossuary  | Noticed a wraith
  6618 | Ossuary  | Noticed a wraith
  6618 | Ossuary  | Noticed a wraith
  6993 | Ossuary  | Noticed a wraith
  7004 | Ossuary  | Killed a wraith
  7601 | D:5      | Reached XP level 8. HP: 44/67 MP: 6/14
  8122 | D:5      | Found a blossoming altar of Fedhas.
  8136 | D:5      | Found a shimmering blue altar of Sif Muna.
  8229 | D:5      | Reached skill level 6 in Conjurations
  8587 | D:6      | Identified the +6 whip "Ugoppot" {vorpal, rElec Int+2
                  | Stlth-}
  8657 | D:6      | Noticed Blork the orc
  8664 | D:6      | Reached * piety under Vehumet
  8664 | D:6      | Offered knowledge of Shock by Vehumet.
  8667 | D:6      | Killed Blork the orc
  8791 | D:6      | Noticed Maggie
  8812 | D:6      | Slain by Maggie

Illustrated notes

Levels and vault maps discovered:
D:1:      heliophobic_arrival_ceremonial_halls, layout_rooms, minmay_cupped
D:2:      layout_basic, shapermc_ecumenical_altar_totnotflames
D:3:      layout_loops_corners, okawaru_metal_pillars_1_2,
          ebering_ghost_rock_garden, portal_sewer_entry_d, minmay_cut_off,
          uniq_robin
D:4:      layout_basic, mainiacjoe_overflow_alcove_4
D:5:      layout_cave_pools, mainiacjoe_overflow_small_starburst,
          mainiacjoe_overflow_big_doors, lemuel_doored_altar,
          minmay_temple_entry_proselytizer, serial_co_window_serial,
          co_window_paths_b, co_window_of_opportunity_a,
          co_window_of_opportunity_a, co_window_corner_a,
          co_window_of_opportunity_a, co_window_broadway_b,
          co_window_broadway_c, co_window_of_opportunity_b, co_window_cross_2,
          co_window_cross_4, glass_columns_c, glass_columns_c,
          chequers_ossuary_entry_cave
D:6:      nicolae_cairo_tiling_very_big, layout_basic,
          mainiacjoe_overflow_alcove_1, serial_shops, shop_coins, uniq_maggie,
          uniq_blork_the_orc
Temple:   corrupted_temple

Skill      XL: |  1  2  3  4  5  6  7  8 |
---------------+-------------------------+-----
Fighting       | 1 2 3 4 |  4.9
Dodging        | 2 3 |  3.2
Stealth        | 2 3 |  3.7
Spellcasting   | 3 4 |  4.6
Conjurations   | 5 6 |  6.1
Evocations     | 1 2 3 |  3.3
Hexes          | 1 2 |  2.0
Translocations | 1 2 |  2.0

Action                   |  1- 3 |  4- 6 |  7- 9 || total
-------------------------+-------+-------+-------++-------
Melee: Unarmed           |    42 |    38 |     9 ||    89
       Tailslap          |     5 |     5 |     1 ||    11
       Punch             |       |     2 |       ||     2
       Whip              |       |       |     7 ||     7
 Cast: Magic Dart        |    71 |    93 |    29 ||   193
       Searing Ray       |     1 |    39 |    31 ||    71
       Iskenderun's Myst |       |       |     1 ||     1
 Abil: Breathe Steam     |       |       |     4 ||     4
  Use: Potion            |       |       |     1 ||     1
Armor: Skin              |     9 |    39 |    14 ||    62
Dodge: Dodged            |    43 |    84 |    49 ||   176
